 Dungeon Crawl Stone Soup version 0.30.0-13-g156ef70053 (webtiles) character file.

Game seed: 11185930694243652573

93 Esekla the Grave Robber (level 4, -16/28 HPs)
             Began as an Octopode Necromancer on May 17, 2023.
             Demolished by Menkaure (22 damage)
             ... on level 4 of the Dungeon.
             The game lasted 00:07:54 (1943 turns).

Esekla the Grave Robber (Octopode Necromancer)      Turns: 1943, Time: 00:07:54

Health: -16/28     AC:  1    Str:  7    XL:     4   Next: 62%
Magic:  7/7        EV: 13    Int: 19    God:
Gold:   158        SH:  0    Dex: 12    Spells: 1/7 levels left

rFire   . . .        a - +4 rapier
rCold   . . .        (no shield)
rNeg    . . .        (helmet restricted)
rPois   .            m - amulet of regeneration
rElec   .            b - ring of wizardry
rCorr   .            (no ring)
SInv    .            (no ring)
Will    .....        (no ring)
Stlth   +++          (no ring)
HPRegen 1.04/turn    (no ring)
MPRegen 0.10/turn    (no ring)
                     (no ring)

%: wizardry (x1)
@: no status effects
A: almost no armour, amphibious, 8 rings, camouflage 1, gelatinous body 1,
(nimble swimmer 1), tentacles
a: no special abilities


You were on level 4 of the Dungeon.
You visited 1 branch of the dungeon, and saw 4 of its levels.

You collected 158 gold pieces.

Inventory:

Hand Weapons
 a - a +4 rapier (weapon)
 p - the +7 halberd of Indomitability {chaos, rElec rCorr}
   (You found it on level 4 of the Dungeon)

   rElec:     It insulates you from electricity.
   rCorr:     It protects you from acid and corrosion.
 v - a +1 dagger of venom
Jewellery
 b - a ring of wizardry (left tentacle)
 m - an amulet of regeneration (around mantle)
Scrolls
 f - 2 scrolls of identify
 h - a scroll of magic mapping {unknown}
 i - a scroll of fear {unknown}
 j - a scroll of enchant weapon {unknown}
 k - 2 scrolls of noise {unknown}
 o - a scroll of teleportation {unknown}
Potions
 c - a potion of magic
 d - 8 potions of curing {unknown}
 e - 2 potions of berserk rage
 g - a potion of flight
 l - a potion of might
 n - a potion of cancellation {unknown}
 q - a potion of heal wounds {unknown}


   Skills:
 * Level 1.6 Fighting
 + Level 1.0 Short Blades
 * Level 2.4 Dodging
 + Level 3.3 Stealth
 * Level 2.3 Spellcasting
 * Level 0.2 Conjurations
 * Level 4.6 Necromancy


You had one spell level left.
You knew the following spells:

 Your Spells              Type           Power      Damage    Failure   Level
a - Necrotise             Necr           76%        1d7       1%          1
d - Vampiric Draining     Necr           19%        2d7       3%          3
e - Searing Ray           Conj           6%         2d4       9%          2

Your spell library contained the following spells:

 Spells                   Type           Power      Damage    Failure   Level
 Magic Dart               Conj           12%        1d3       6%          1
 Animate Dead             Necr           19%        N/A       10%         4
 Agony                    Necr           19%        N/A       26%         5
 Fulminant Prism          Conj/Hex       1%         3d5       50%         4


Dungeon Overview and Level Annotations

Branches:
Dungeon (4/15)
 Temple: D:4-7

Altars:

Annotations:
D:4 Menkaure


Innate Abilities, Weirdness & Mutations

You cannot wear most types of armour.
You are amphibious.
You can wear up to eight rings at the same time.
Your skin changes colour to match your surroundings (Stealth+).
Your rubbery body absorbs attacks. (AC +1, EV +1)
((You are camouflaged when in or above water. (Stealth+)))
You have tentacles for arms and can constrict up to eight enemies at once.


Message History

The ball python grabs you. The ball python constricts you.
You barely miss the ball python. You grab the ball python.
You tentacle-slap the ball python.
The ball python is heavily wounded.
You constrict the ball python. The ball python closely misses you.
The ball python constricts you. The ball python barely misses you.
The ball python constricts you.
You hit the ball python.
You kill the ball python!
HP restored.
You hear the slow hiss of a very distant avalanche of sand.
You enter the shallow water.
Menkaure, Prince of Dust comes into view.
Menkaure shouts!
You start waiting.
Menkaure is nearby!
Menkaure calls on the powers of darkness!
Your body is wracked with pain!
Found a translucent halberd and a green potion.
Menkaure casts a spell.
Menkaure seems to speed up.
You see here the +7 halberd of Indomitability {chaos, rElec rCorr}.
p - the +7 halberd of Indomitability {chaos, rElec rCorr}
q - a green potion
There are no items here.
Menkaure giggles, "These cerements are ticklish..."
Menkaure calls on the powers of darkness!
Your body is wracked with pain!
Menkaure misses you. Menkaure hits you!
* * * LOW HITPOINT WARNING * * *
You barely miss Menkaure. Your grab misses Menkaure. You squeeze Menkaure.
Menkaure is moderately damaged.
Menkaure calls on the powers of darkness!
Your body is wracked with pain!
* * * LOW HITPOINT WARNING * * *
You barely miss Menkaure. You grab Menkaure. You squeeze Menkaure.
Menkaure is moderately damaged.
You constrict Menkaure. Menkaure hits you!!
Ouch! That really hurt!
You die...

#~P~~≈≈≈≈≈~≈~~~~...........
#~♣~~≈≈≈≈≈≈≈≈P~P###........
#♣♣~P≈≈≈≈≈≈≈≈P~♣##..#######
.~~~~≈≈≈≈≈≈≈PP♣♣...###
#♣♣~~≈≈≈≈≈≈≈≈~~♣.....#
.P~~~≈≈≈≈≈≈≈~~~P.....#
#♣~P≈≈≈≈≈≈≈≈♣PP♣.....#
.~♣~~~≈≈≈≈≈≈P~♣~M....#
.~♣~~~~≈≈≈≈~~~P.@....#
.#P~~~~~~≈~P~♣♣......#
.#♣♣P~♣~~~~♣P~♣......# .
~P♣~P~~~~~~~..#####
~~~♣~...# ~ ♣♣.... P~.....
P........ ♣~##........


You could see Menkaure (fast).

Vanquished Creatures
  Jessica (D:2)
  An adder (D:2)
  3 worms
  A dart slug (D:2)
  An orc (D:3)
  6 ball pythons
  5 bats
  3 endoplasms
  3 giant cockroaches
  4 hobgoblins
  A quokka (D:2)
  5 frilled lizards
  6 goblins
  6 kobolds
  3 rats
49 creatures vanquished.

Notes
Turn   | Place    | Note
-------+----------+-------------------------------------------
     0 | D:1      | Esekla the Octopode Necromancer began the quest for the
                  | Orb.
     0 | D:1      | Reached XP level 1. HP: 11/11 MP: 3/3
   106 | D:1      | Reached XP level 2. HP: 18/18 MP: 5/5
   158 | D:1      | Reached skill level 1 in Fighting
   542 | D:2      | Reached XP level 3. HP: 23/23 MP: 6/6
   546 | D:2      | Learned a level 3 spell: Vampiric Draining
   846 | D:2      | Noticed Jessica
   853 | D:2      | Killed Jessica
   854 | D:2      | Reached XP level 4. HP: 20/28 MP: 0/7
  1474 | D:3      | Reached skill level 1 in Short Blades
  1603 | D:3      | Learned a level 2 spell: Searing Ray
  1910 | D:4      | Noticed Menkaure
  1929 | D:4      | Identified the +7 halberd of Indomitability {chaos, rElec
                  | rCorr}
  1943 | D:4      | Demolished by Menkaure

Illustrated notes

Levels and vault maps discovered:
D:1:      spicycebolla_arrival_clurvy, layout_rooms, serial_bayou_pond_b,
          bh_walls_and_bars
D:2:      layout_rooms, kennysheep_jessica_study
D:3:      layout_loops_ring
D:4:      layout_rooms, trog_book, grunt_temple_overflow_lords_of_destruction,
          gup_ossuary_entry_pyramid, serial_bayou_lake_a, uniq_menkaure

Skill      XL: |  1  2  3  4 |
---------------+-------------+-----
Fighting       | 1 |  1.6
Stealth        | 3 |  3.3
Short Blades   | 1 |  1.0
Dodging        | |  2.4
Spellcasting   | |  2.3
Conjurations   | |  0.2
Necromancy     | |  4.6

Action                     |  1- 3 |  4- 6 || total
---------------------------+-------+-------++-------
  Melee: Rapier            |    51 |    13 ||    64
         Constrict         |    13 |    12 ||    25
         Tentacles         |     4 |     6 ||    10
         Dagger            |       |    17 ||    17
         Punch             |       |     4 ||     4
   Cast: Vampiric Draining |     2 |       ||     2
         Searing Ray       |       |     1 ||     1
    Use: Scroll            |       |     3 ||     3
   Stab: Sleeping          |     6 |     4 ||    10
 Armour: Skin              |     7 |     1 ||     8
  Dodge: Dodged            |    32 |    20 ||    52
